 Dungeon Crawl Stone Soup version 0.24-a0-335-g06ca16a (webtiles) character file.

Game seed: 10266321451550990891

8 Borgoz the Cudgeler (level 2, 0/17 HPs)
             Began as a Gargoyle Gladiator on May 19, 2019.
             Slain by a leopard gecko (2 damage)
             ... on level 1 of the Dungeon.
             The game lasted 00:00:30 (91 turns).

Borgoz the Cudgeler (Gargoyle Gladiator)              Turns: 91, Time: 00:00:31

Health: 0/17       AC:  6    Str: 17    XL:     2   Next: 8%
Magic:  2/2        EV: 12    Int:  8    God:
Gold:   0          SH:  0    Dex: 11    Spells: 1/1 levels left

rFire    . . .     SeeInvis .   a - +0 flail
rCold    . . .     Gourm    .   (no shield)
rNeg     + . .     Faith    .   b - +0 leather armour
rPois    ∞         Spirit   .   c - +0 helmet
rElec    +         Reflect  .   (no cloak)
rCorr    .         Harm     .   (no gloves)
MR       .....                  (no boots)
Stlth    +.........             (no amulet)
HPRegen  0.05/turn              (no ring)
MPRegen  0.08/turn              (no ring)

@: no status effects
A: negative energy resistance 1, electricity resistance, unbreathing,
petrification resistance, rot immunity, AC +2
a: no special abilities


You were on level 1 of the Dungeon.
You were not hungry.

You visited 1 branch of the dungeon, and saw 1 of its levels.

Inventory:

Hand Weapons
 a - a +0 flail (weapon)
Missiles
 d - 3 throwing nets (quivered)
Armour
 b - a +0 leather armour (worn)
 c - a +0 helmet (worn)
Scrolls
 e - a scroll of remove curse {unknown}
Comestibles
 f - a ration
 g - 8 chunks of flesh


   Skills:
 + Level 2.3 Fighting
 * Level 3.2 Maces & Flails
 - Level 1.7 Throwing
 + Level 0.4 Armour
 * Level 2.6 Dodging


You had one spell level left.
You didn't know any spells.
Your spell library was empty.

Dungeon Overview and Level Annotations

Branches:
Dungeon (1/15)

Altars:


Innate Abilities, Weirdness & Mutations

You are resistant to torment.
Your stone body is resilient. (AC +2)
You are immune to poison.
You resist negative energy. (rN+)
You are resistant to electric shocks. (rElec)
You can survive without breathing.
You are immune to petrification.
You are immune to rotting.


Message History

You barely miss the ball python. The ball python closely misses you.
The ball python constricts you.
The leopard gecko bites you but does no damage.
The goblin hits you but does no damage. The ball python closely misses you.
The ball python constricts you.
The leopard gecko completely misses you.
You sock the ball python!
You kill the ball python!
The goblin hits you but does no damage. The leopard gecko bites you.
* * * LOW HITPOINT WARNING * * *
The goblin hits you but does no damage.
You miss the leopard gecko.
The leopard gecko bites you but does no damage.
The goblin barely misses you. The leopard gecko closely misses you.
You barely miss the goblin. The leopard gecko misses you.
The goblin hits you but does no damage.
You barely miss the leopard gecko.
The leopard gecko bites you but does no damage.
The goblin hits you but does no damage. The leopard gecko bites you.
You die...

#.# ##.# ######### #.#
.... ........# #.# .....
........#######.#+#.....
........#....##.........
.............##.........
.............+..........
##...........#$.@l......
##...............g......
...................#..##
..............#+#..# .#
........#.....#......
.......)..#+#.........
..#.................##.
..+......÷..........+ .
#...............


You could see a leopard gecko and a goblin.

Vanquished Creatures
  A dart slug (D:1)
  A giant cockroach (D:1)
  A hobgoblin (D:1)
  A ball python (D:1)
  2 frilled lizards (D:1)
  A goblin (D:1)
7 creatures vanquished.

Notes
Turn   | Place    | Note
-------+----------+-------------------------------------------
     0 | D:1      | Borgoz the Gargoyle Gladiator began the quest for the Orb.
     0 | D:1      | Reached XP level 1. HP: 12/12 MP: 1/1
    84 | D:1      | Reached XP level 2. HP: 13/17 MP: 2/2
    91 | D:1      | Slain by a leopard gecko

Levels and vault maps discovered:
D:1:      lightli_molten_gateway, layout_basic, feat_on_display

Action                   || total
-------------------------++-------
Melee: Flail             ||    32
Armor: Leather armour    ||    20
Dodge: Dodged            ||    32

Table legend:
 A = Non-vault XP
 B = Vault XP
 C = Vault XP percentage of total XP
 D = Non-vault monster count
 E = Vault monster count
 F = Vault count percentage of total count
                 A         B        C        D         E       F
            +---------+---------+-------+---------+---------+-------
      Total |      12 |       0 |   0.0 |       7 |       0 |   0.0
            +---------+---------+-------+---------+---------+-------
        D:1 |      12 |       0 |   0.0 |       7 |       0 |   0.0
            +---------+---------+-------+---------+---------+-------
